 Dungeon Crawl Stone Soup version 0.30.1-4-g462c640d31 (webtiles) character file.

Game seed: 13988886730061663046

200 Anriel the Trooper (level 6, -3/47 HPs)
             Began as a Human Gladiator on Aug 17, 2023.
             Slain by Sigmund the killer bee (6 damage)
             ... on level 2 of the Dungeon.
             The game lasted 00:10:41 (2079 turns).

Anriel the Trooper (Human Gladiator)                Turns: 2079, Time: 00:10:42

Health: -3/47      AC:  7    Str: 16    XL:     6   Next: 6%
Magic:  6/6        EV: 11    Int:  8    God:
Gold:   114        SH:  0    Dex: 15    Spells: 5/5 levels left

rFire   . . .        a - +0 flail
rCold   . . .        (no shield)
rNeg    . . .        h - +0 ring mail
rPois   .            c - +0 helmet
rElec   .            f - +0 cloak
rCorr   +            (no gloves)
SInv    .            (no boots)
Will    .....        (no amulet)
Stlth   +            e - ring of resist corrosion
HPRegen 0.27/turn    (no ring)
MPRegen 0.10/turn

%: no passive effects
@: lethally poisoned (-3 -> -9)
A: no striking features
a: no special abilities


You were on level 2 of the Dungeon.
You visited 1 branch of the dungeon, and saw 4 of its levels.

You collected 114 gold pieces.

Inventory:

Hand Weapons
 a - a +0 flail (weapon)
Armour
 c - a +0 helmet (worn)
 f - a +0 cloak (worn)
 h - a +0 ring mail (worn)
Jewellery
 e - a ring of resist corrosion (left hand)
Wands
 b - a wand of polymorph (8)
Scrolls
 j - a scroll of enchant armour {unknown}
 k - 2 scrolls of teleportation {unknown}
 l - a scroll of fog {unknown}
 n - a scroll of magic mapping {unknown}
Potions
 m - a potion of flight


   Skills:
 + Level 3.2 Fighting
 + Level 3.2 Maces & Flails
 - Level 3.0 Throwing
 - Level 3.1 Armour
 - Level 3.0 Dodging
 * Level 1.5 Evocations


You had 5 spell levels left.
You didn't know any spells.
Your spell library was empty.

Dungeon Overview and Level Annotations

Branches:
Dungeon (4/15)
 Temple: D:4-7

Altars:

Annotations:
D:2 Sigmund
D:4 Pikel


Message History

Press: ? - help, Shift-Dir - straight line, f - Sigmund
Aim: Sigmund, wielding a +0 scythe and wearing a +0 robe (severely wounded, will become a jelly, an iguana, or a centaur, chance to affect: 62%) Sigmund evaporates and reforms as a centaur!
Sigmund picks up a +0 scythe.
Sigmund wields a +0 scythe.
Sigmund picks up a +0 robe.
Sigmund wears a +0 robe.
Aiming: Polymorph
Press: ? - help, Shift-Dir - straight line, f/p - Sigmund
Aim: Sigmund the centaur, wielding a +0 scythe and wearing a +0 robe (heavily wounded, will become a water moccasin, a scorpion, or a killer bee, chance to affect: 52%) Sigmund resists with significant effort.
Aiming: Polymorph
Press: ? - help, Shift-Dir - straight line, f/p - Sigmund
Aim: Sigmund the centaur, wielding a +0 scythe and wearing a +0 robe (heavily wounded, will become a water moccasin, a scorpion, or a killer bee, chance to affect: 52%) Sigmund the centaur evaporates and reforms as a killer bee!
You barely miss Sigmund. Sigmund stings you. x3
* * * LOW HITPOINT WARNING * * *
You are poisoned.
Sigmund poisons you!
Unknown command.
You feel better. Sigmund barely misses you. Sigmund stings you.
You barely miss Sigmund. Sigmund stings you. Sigmund stings you!
* * * LOW HITPOINT WARNING * * *
You are poisoned.
Sigmund poisons you!
You sock Sigmund! Your punch misses Sigmund.
Sigmund is heavily wounded.
You feel sick. Sigmund barely misses you.
Sigmund stings you but does no damage. x2
You hit Sigmund.
Sigmund is heavily wounded.
You feel sick. Sigmund barely misses you. Sigmund misses you.
You feel better. Sigmund stings you.
* * * LOW HITPOINT WARNING * * *
You are lethally poisoned!
Sigmund poisons you! Sigmund barely misses you.
You closely miss Sigmund.
Sigmund is heavily wounded.
* * * LOW HITPOINT WARNING * * *
You feel very sick. Sigmund misses you. Sigmund stings you.
You die...

###############
#.......#(.... #
#.......#...# ..
#.......#.)# #...#
#.......#.# ....###
##......y..#
#.....###..##.#@#..#
##...#...#..##.#....#
............#......##
......###.#.....#..#
......###.......#..#
...................#
.......###......#...
##..##.# ..##...##.>.
##...#.#.### ...#


You could see Sigmund the killer bee.

Vanquished Creatures
  A lemure (D:3)
  Natasha (D:4)
  An orc wizard (D:3)
  Robin (D:4)
  3 gnolls (D:4)
  An adder (D:4)
  A worm (D:2)
  A dart slug (D:1)
  2 orcs (D:3)
  7 ball pythons
  6 bats
  4 endoplasms
  10 goblins
  9 hobgoblins
  3 jackals (D:1)
  9 kobolds
  A quokka (D:3)
  5 frilled lizards
  5 rats
71 creatures vanquished.

Vanquished Creatures (others)
  An orc wizard (D:3)
1 creature vanquished.

Grand Total: 72 creatures vanquished

Notes
Turn   | Place    | Note
-------+----------+-------------------------------------------
     0 | D:1      | Anriel the Human Gladiator began the quest for the Orb.
     0 | D:1      | Reached XP level 1. HP: 16/16 MP: 1/1
   100 | D:1      | Reached skill level 1 in Armour
   100 | D:1      | Reached XP level 2. HP: 14/22 MP: 2/2
   384 | D:1      | Reached XP level 3. HP: 26/28 MP: 3/3
  1094 | D:2      | You fall into a shaft and drop 2 floors!
  1236 | D:4      | Reached XP level 4. HP: 17/34 MP: 4/4
  1352 | D:4      | Noticed Robin
  1373 | D:4      | Killed Robin
  1374 | D:4      | Reached XP level 5. HP: 25/40 MP: 5/5
  1425 | D:4      | Noticed Natasha
  1437 | D:4      | Killed Natasha
  1668 | D:4      | Noticed a lemure
  1668 | D:4      | Noticed a lemure
  1668 | D:4      | Noticed Pikel
  1728 | D:3      | Killed a lemure
  1872 | D:3      | Reached skill level 1 in Evocations
  1881 | D:3      | Reached XP level 6. HP: 30/47 MP: 6/6
  2037 | D:2      | Noticed Sigmund
  2069 | D:2      | Sigmund changed into Sigmund the centaur
  2069 | D:2      | Noticed Sigmund
  2071 | D:2      | Sigmund the centaur changed into Sigmund the killer bee
  2071 | D:2      | Noticed Sigmund
  2079 | D:2      | Slain by Sigmund the killer bee

Illustrated notes

Levels and vault maps discovered:
D:1:      amcnicky_arrival_single_pillar, layout_loops_corners
D:2:      layout_rooms, uniq_sigmund
D:3:      layout_loops_corners
D:4:      layout_basic, serial_forest, infiniplex_forest_clump_medium,
          infiniplex_forest_clump_tiny, infiniplex_forest_corner_1,
          infiniplex_forest_clump_cross, infiniplex_forest_clump_medium,
          infiniplex_forest_3_way, infiniplex_forest_end_3,
          infiniplex_forest_clump_small, nicolae_shop_gadgets, uniq_natasha,
          uniq_robin, uniq_pikel

Skill      XL: |  1  2  3  4  5 |
---------------+----------------+-----
Armour         | 1 2 3 |  3.1
Fighting       | 3 |  3.2
Throwing       | 3 |  3.0
Evocations     | 1 |  1.5
Maces & Flails | |  3.2
Dodging        | |  3.0

Action                     |  1- 3 |  4- 6 || total
---------------------------+-------+-------++-------
  Melee: Flail             |   133 |   156 ||   289
         Punch             |       |     5 ||     5
  Throw: Javelin           |     3 |       ||     3
         Throwing net      |       |     5 ||     5
  Evoke: Wand              |       |     3 ||     3
    Use: Scroll            |     3 |     1 ||     4
         Potion            |       |     5 ||     5
   Stab: Held in net/web   |       |     2 ||     2
 Armour: Leather armour    |    71 |       ||    71
         Ring mail         |     5 |    54 ||    59
  Dodge: Dodged            |   101 |    78 ||   179
